 Dungeon Sprint DCSS version 0.27-a0-1084-g78b3836a5f (webtiles) character file.

Game seed: 11523555009512337792

7618 mhtbhm the Scorcher (level 10, -26/54 HPs)
             Began as a Deep Elf Fire Elementalist on Apr 26, 2021.
             Was the Champion of Vehumet.
             Annihilated by a death scarab (31 damage)
             ... in the Dungeon (Sprint V: "Ziggurat Sprint").
             The game lasted 00:05:49 (1249 turns).

mhtbhm the Scorcher (Deep Elf Fire Elementalist)    Turns: 1249, Time: 00:05:50

Health: -26/54     AC:  6    Str: 12    XL:     10   Next: 98%
Magic:  26/31      EV: 18    Int: 36    God:    Vehumet [******]
Gold:   0          SH:  0    Dex: 15    Spells: 9/40 levels left

rFire    + + .     SeeInvis .   C - +8 lance "Wyrmbane" {slay drac, rPois rF+ rC+ AC+3}
rCold    + . .     Faith    .   (no shield)
rNeg     . . .     Spirit   .   a - +1 robe {rF+}
rPois    +         Reflect  .   (no helmet)
rElec    .         Harm     .   (no cloak)
rCorr    .         Rampage  .   (no gloves)
Will     +....     NoTele   +   (no boots)
Stlth    +++.......             t - amulet of Goorphal {*Slow Fly rPois Regen+ Str+7}
HPRegen  1.18/turn              u - +6 ring of intelligence
MPRegen  0.22/turn              v - +6 ring of intelligence

@: lethally poisoned (-26 -> -26), flying, slowed, studying Maces & Flails, very
slow
A: no striking features
a: Renounce Religion


You were in the Dungeon.
You worshipped Vehumet.
Vehumet was exalted by your worship.
You visited 1 branch

Inventory:

Hand Weapons
 C - the +8 lance "Wyrmbane" (weapon) {slay drac, rPois rF+ rC+ AC+3}
   (You found it in the Dungeon)

   It affects your AC (+3).
   It protects you from fire.
   It protects you from cold.
   It protects you from poison.
Armour
 a - a +1 robe of fire resistance (worn)
Jewellery
 t - the amulet of Goorphal (around neck) {*Slow Fly rPois Regen+ Str+7}
   (You found it in the Dungeon)

   [amulet of regeneration]

   It affects your strength (+7).
   It protects you from poison.
   It grants you flight.
   It increases your rate of health regeneration.
   It may slow you when you take damage.
 u - a +6 ring of intelligence (left hand)
 v - a +6 ring of intelligence (right hand)
Wands
 y - a wand of mindburst (7)
 z - a wand of iceblast (3)
 A - a wand of acid (5)
Scrolls
 m - 4 scrolls of amnesia
 n - 7 scrolls of fog
 o - a scroll of holy word
 p - 5 scrolls of identify
 q - 2 scrolls of fear
 s - 4 scrolls of enchant armour
Potions
 b - 2 potions of brilliance
 c - 10 potions of curing
 d - 9 potions of heal wounds
 e - 6 potions of haste
 f - 7 potions of magic
 g - 3 potions of berserk rage
 i - 2 potions of invisibility
 j - 4 potions of resistance
 k - a potion of experience
 l - 5 potions of might
Miscellaneous
 w - a tin of tremorstones (2/2)
 x - a box of beasts
 B - a lightning rod (4/4)
 D - a phantom mirror
 E - a condenser vane (inert)


   Skills:
 - Level 2.5 Fighting
 + Level 11.2 Dodging
 - Level 4.4 Stealth
 + Level 15.6 Spellcasting
 + Level 8.7 Conjurations
 + Level 18.0 Fire Magic
 * Level 1.7 Earth Magic
 + Level 10.7 Evocations


You had 9 spell levels left.
You knew the following spells:

 Your Spells              Type           Power      Damage    Failure   Level
a - Foxfire               Conj/Fire      100%       2x1d9     0%          1
b - Conjure Flame         Conj/Fire      90%        6-21      0%          3
c - Inner Flame           Hex/Fire       75%        N/A       1%          3
d - Sticky Flame          Conj/Fire      90%        2d10      1%          4
e - Fireball              Conj/Fire      45%        3d18      1%          5
f - Iron Shot             Conj/Erth      30%        9d6       7%          6
g - Shatter               Erth           20%        3d18*     100%        9

Your spell library contained the following spells:

 Spells                   Type           Power      Damage    Failure   Level
 Conjure Ball Lightning   Conj/Air       28%        3x3d8     9%          6
 Shock                    Conj/Air       100%       1d9       1%          1
 Blink                    Tloc           N/A        N/A       1%          2
 Static Discharge         Conj/Air       56%        N/A       1%          2
 Bolt of Magma            Conj/Fire/Erth 38%        4d16      1%          5
 Irradiate                Conj/Tmut      28%        3d23      1%          5
 Lightning Bolt           Conj/Air       28%        1d44      1%          5
 Airstrike                Air            14%        N/A       3%          4
 Confusing Touch          Hex            28%        N/A       4%          3
 Gell's Gravitas          Tloc           14%        N/A       4%          3
 Lesser Beckoning         Tloc           14%        N/A       4%          3
 Summon Guardian Golem    Hex/Summ       28%        N/A       4%          3
 Swiftness                Air            28%        N/A       4%          3
 Teleport Other           Tloc           28%        N/A       4%          3
 Tukima's Dance           Hex            28%        N/A       4%          3
 Animate Armour           Summ/Erth      68%        N/A       9%          4
 Leda's Liquefaction      Hex/Erth       17%        N/A       9%          4
 Borgnjor's Vile Clutch   Necr/Erth      17%        N/A       26%         5
 Agony                    Necr           28%        N/A       36%         5
 Manifold Assault         Tloc           28%        N/A       36%         5
 Statue Form              Tmut/Erth      22%        N/A       80%         6
 Blade Hands              Tmut           14%        N/A       90%         6
 Death Channel            Necr           14%        N/A       90%         6
 Invisibility             Hex            28%        N/A       90%         6
 Dragon Form              Tmut           14%        N/A       100%        7


Dungeon Overview and Level Annotations

Branches:
Dungeon (1/1)

Altars:
Ashenzari
Cheibriados
Dithmenos
Elyvilon
Fedhas
Gozag
Hepliaklqana
Kikubaaqudgha
Makhleb
Nemelex Xobeh
Okawaru
Qazlal
Ru
Sif Muna
Trog
Uskayaw
Vehumet
Wu Jian
Xom
Yredelemnul
Zin
The Shining One
Beogh
Jiyva
Lugonu


Message History

Your lightning rod (4/4) has regained one charge.
Unknown command.
Unknown command.
Unknown command.
Blink to where?
Press: ? - help, Dir - move target, p - mummy priest
As you read the scroll of blinking, it crumbles to dust.
You feel very sick. The death scarab completely misses you.
The death scarab bites you!
The death scarab draws strength from your injuries!
The ushabti shakes and rattles.
The vile air hits the mummy priest.
The vile air hits the death scarab.
The vile air hits you.
The phantasmal warrior blinks!
Unknown command.
Blink to where?
Press: ? - help, Dir - move target
As you read the scroll of blinking, it crumbles to dust.
You feel very sick.
The mummy priest mumbles some strange prayers to its god against you.
Something smites you!
* * * LOW HITPOINT WARNING * * *
The ushabti shakes and rattles deafeningly!
The mummy priest mumbles some strange prayers to its god.
The ushabti shakes and rattles deafeningly!
The mummy priest calls on the powers of darkness!
Your body is wracked with pain!
* * * LOW HITPOINT WARNING * * *
Casting: Fireball (safe; 1% risk of failure)
Confirm with . or Enter, or press ? or * to list all spells.
Aiming: Fireball (safe; 1% risk of failure)
Press: ? - help, Shift-Dir - straight line, f - death scarab
Aim: a death scarab
Okay, then.
You feel much better.
You feel sick. The death scarab bites you!
* * * LOW HITPOINT WARNING * * *
The death scarab draws strength from your injuries!
Something hits you but does no damage. Something barely misses you.
The phantasmal warrior blinks!
The death scarab bites you!!
Ouch! That really hurt!
You die...

▓.§§§§§§§§▓
▓.§§8§§§§§▓
▓.§Z§§§8☼§▓
▓.....M...▓
▓..MMMZ☼..▓
▓.n....☼..▓
▓.B.WM..○.▓
▓W@BZW.§.○▓
▓▓▓▓▓▓▓▓▓▓▓


You could see 2 mummy priests, a phantasmal warrior (summoned), 2 ushabtiu, a
freezing wraith (summoned), a wraith (summoned), 2 death scarabs, a necrophage
(summoned), 3 mummies, a bat simulacrum (summoned), an adder zombie (summoned)
and a quokka zombie (summoned).

Vanquished Creatures
  A hydra (D)
  A deep elf archer (D)
  2 deep elf zephyrmancers (D)
  3 deep elf pyromancers (D)
  4 toenail golems (D)
  An eye of devastation (D)
  2 naga magi (D)
  A komodo dragon (D)
  3 guardian mummies (D)
  A naga (D)
  3 water moccasins (D)
  2 floating eyes (D)
  2 bullfrogs (D)
  5 jellies (D)
  5 iguanas (D)
  3 mummies (D)
  An adder (D)
  3 river rats (D)
  An endoplasm (D)
  A jackal (D)
  A ball python (D)
  A ball python zombie (D)
47 creatures vanquished.

Vanquished Creatures (others)
  3 foxfires (D)
3 creatures vanquished.

Grand Total: 50 creatures vanquished

Notes
Turn   | Place    | Note
-------+----------+-------------------------------------------
     0 | D        | mhtbhm the Deep Elf Fire Elementalist began the quest for
                  | the Orb.
     0 | D        | Reached XP level 1. HP: 10/10 MP: 6/6
     0 | D        | Found a shimmering blue altar of Sif Muna.
     0 | D        | Found a bloodstained altar of Trog.
     0 | D        | Found a sacrificial altar of Ru.
     0 | D        | Found a stormy altar of Qazlal.
     0 | D        | Found an iron altar of Okawaru.
     1 | D        | Found a sparkling altar of Nemelex Xobeh.
     1 | D        | Found a blossoming altar of Fedhas.
     2 | D        | Found the +6 Majin-Bo {vamp, MP+6 Int+6}
     2 | D        | Found the +9 heavy crossbow "Sniper" {vorpal, Acc+∞ SInv}
     2 | D        | Found the +10 dark maul {vorpal}
     2 | D        | Found the +15 Maxwell's patent armour {-Cast -Tele rElec
                  | Will+ rCorr}
     2 | D        | Found the +18 shield of the Gong {rElec rN+ Will+ EV-5}
     2 | D        | Found the +14 obsidian axe {vorpal, Drain Fly SInv}
     2 | D        | Found the +7 great mace "Firestarter" {inner flame, rF++}
     2 | D        | Found the +6 shillelagh "Devastator" {shatter}
     2 | D        | Found the +11 plutonium sword {Contam Stlth-}
     2 | D        | Found the +8 lance "Wyrmbane" {slay drac, rPois rF+ rC+
                  | AC+3}
     2 | D        | Found the +9 sword of Zonguldrok {reap}
     2 | D        | Found the +13 scythe of Curses {drain, Drain}
     2 | D        | Found the +5 sword of Power {vorpal}
     2 | D        | Found the +7 mace of Variability {chain chaos}
     2 | D        | Found the +7 Singing Sword {vorpal, sonic wave}
     2 | D        | Found the +8 storm bow {elec, penet}
     3 | D        | Found a transporter.
     3 | D        | Found an ancient bone altar of Kikubaaqudgha.
     3 | D        | Found a viscous altar of Jiyva.
     3 | D        | Found a corrupted altar of Lugonu.
     3 | D        | Found a hazy altar of Hepliaklqana.
     3 | D        | Found a burning altar of Makhleb.
     3 | D        | Found an opulent altar of Gozag.
    35 | D        | Became a worshipper of Vehumet
    55 | D        | Entered arena 2.
    55 | D        | Noticed a floating eye
    55 | D        | Noticed a jelly
    55 | D        | Found a transporter.
    57 | D        | Killed a jelly
    57 | D        | Killed a floating eye
    58 | D        | Reached skill level 8 in Fire Magic
    58 | D        | Reached XP level 2. HP: 15/15 MP: 7/11
    58 | D        | Reached XP level 3. HP: 19/19 MP: 7/12
    58 | D        | Reached XP level 4. HP: 24/24 MP: 8/14
    62 | D        | Got the ring "Centoeg" {Will+ Str+4 Slay+3}
   105 | D        | Learned a level 3 spell: Conjure Flame
   109 | D        | Learned a level 3 spell: Inner Flame
   114 | D        | Learned a level 4 spell: Sticky Flame
   116 | D        | Entered arena 3.
   116 | D        | Noticed a bullfrog
   116 | D        | Found a transporter.
   117 | D        | Reached * piety under Vehumet
   117 | D        | Offered knowledge of Shock by Vehumet.
   118 | D        | Killed a bullfrog
   119 | D        | Reached skill level 5 in Dodging
   119 | D        | Reached skill level 9 in Fire Magic
   119 | D        | Reached skill level 1 in Evocations
   119 | D        | Reached XP level 5. HP: 28/28 MP: 14/16
   120 | D        | Reached skill level 10 in Fire Magic
   126 | D        | Learned a level 5 spell: Fireball
   235 | D        | Entered arena 4.
   235 | D        | Noticed a toenail golem
   235 | D        | Noticed a toenail golem
   235 | D        | Noticed a toenail golem
   235 | D        | Noticed a toenail golem
   235 | D        | Found a transporter.
   243 | D        | Killed a toenail golem
   243 | D        | Reached ** piety under Vehumet
   244 | D        | Reached skill level 12 in Fire Magic
   244 | D        | Reached XP level 6. HP: 25/32 MP: 6/20
   244 | D        | Reached XP level 7. HP: 28/36 MP: 6/21
   247 | D        | Killed a toenail golem
   248 | D        | Reached skill level 10 in Spellcasting
   248 | D        | Reached skill level 13 in Fire Magic
   251 | D        | Killed a toenail golem
   252 | D        | Reached skill level 14 in Fire Magic
   252 | D        | Reached skill level 5 in Evocations
   252 | D        | Reached XP level 8. HP: 31/41 MP: 4/25
   265 | D        | Killed a toenail golem
   265 | D        | Offered knowledge of Poisonous Vapours by Vehumet.
   615 | D        | Entered arena 5.
   615 | D        | Found a transporter.
   616 | D        | Offered knowledge of Ignite Poison by Vehumet.
   616 | D        | Reached *** piety under Vehumet
   618 | D        | Reached skill level 15 in Fire Magic
   624 | D        | Got the Incunabulum of Dark Magic
   681 | D        | Entered arena 6.
   681 | D        | Noticed a guardian mummy
   681 | D        | Found a transporter.
   682 | D        | Found the +10 tower shield of Ignorance {rN+ Int-4}
   682 | D        | Identified the +8 flail of Useyxkir {vorpal, rN+ Will++
                  | Str-4 Int+6}
   682 | D        | Reached **** piety under Vehumet
   686 | D        | Killed a guardian mummy
   694 | D        | Got the +0 pair of gloves of Death Resistance {Rampage
                  | Str+3}
   715 | D        | Got the +0 robe of Xom's Pride {*Slow rF+ Str+2}
   891 | D        | Entered arena 7.
   891 | D        | Noticed a komodo dragon
   891 | D        | Noticed a seven-headed hydra
   892 | D        | Offered knowledge of Frozen Ramparts by Vehumet.
   892 | D        | Reached ***** piety under Vehumet
   894 | D        | Reached skill level 1 in Fighting
   894 | D        | Reached XP level 9. HP: 47/47 MP: 18/27
   894 | D        | Killed a seven-headed hydra
   895 | D        | Reached skill level 16 in Fire Magic
   896 | D        | Killed a komodo dragon
   897 | D        | Found a transporter.
   905 | D        | Got the amulet of Goorphal {*Slow Fly rPois Regen+ Str+7}
   915 | D        | Learned a level 6 spell: Iron Shot
   925 | D        | Learned a level 9 spell: Shatter
   984 | D        | Entered arena 8.
   984 | D        | Noticed a deep elf pyromancer
   984 | D        | Noticed a deep elf zephyrmancer
   984 | D        | Noticed a deep elf archer
   984 | D        | Noticed a deep elf pyromancer
   984 | D        | Noticed a deep elf pyromancer
   984 | D        | Noticed a deep elf zephyrmancer
   985 | D        | Identified the ring "Orchoahep" {rElec rF+ rC- Will+
                  | Stlth+}
   986 | D        | Killed a deep elf pyromancer
   986 | D        | Killed a deep elf pyromancer
   987 | D        | Reached skill level 10 in Dodging
   987 | D        | Reached skill level 5 in Conjurations
   987 | D        | Killed a deep elf archer
   988 | D        | Reached skill level 17 in Fire Magic
   988 | D        | Reached XP level 10. HP: 39/53 MP: 17/29
   988 | D        | Killed a deep elf zephyrmancer
   988 | D        | Killed a deep elf zephyrmancer
   988 | D        | Reached ****** piety under Vehumet
   990 | D        | Killed a deep elf pyromancer
   991 | D        | Found a transporter.
  1081 | D        | Entered arena 9.
  1081 | D        | Noticed an eye of devastation
  1082 | D        | Offered knowledge of Olgreb's Toxic Radiance by Vehumet.
  1085 | D        | Killed an eye of devastation
  1086 | D        | Reached skill level 10 in Evocations
  1086 | D        | Found a transporter.
  1101 | D        | Got the Almanac of Curses
  1110 | D        | Entered arena 10.
  1110 | D        | Noticed a naga mage
  1110 | D        | Noticed a naga mage
  1111 | D        | Killed a naga mage
  1112 | D        | Reached skill level 15 in Spellcasting
  1113 | D        | Killed a naga mage
  1114 | D        | Found a transporter.
  1242 | D        | Entered arena 11.
  1242 | D        | Noticed a death scarab
  1242 | D        | Noticed a death scarab
  1242 | D        | Noticed a mummy priest
  1242 | D        | Noticed a mummy priest
  1245 | D        | Offered knowledge of Conjure Ball Lightning by Vehumet.
  1246 | D        | Reached skill level 18 in Fire Magic
  1246 | D        | Reached skill level 1 in Earth Magic
  1246 | D        | Noticed a phantasmal warrior
  1249 | D        | Annihilated by a death scarab

Illustrated notes

Levels and vault maps discovered:
D:        sprint_v [room_start, room_1, room_2, room_3, room_4, room_5, room_6,
          room_7, room_8, room_9, room_10, room_11, room_12, room_13, room_14,
          room_15, room_16, room_17, room_18, room_19, room_20, room_21,
          room_22, room_23, room_24, room_25, room_26, room_27]

Skill      XL: |  1  2  3  4  5  6  7  8  9 10 |
---------------+-------------------------------+-----
Dodging        | 4 5 6 8 9 10 11 | 11.2
Stealth        | 4 |  4.4
Spellcasting   | 6 7 9 11 12 13 15 | 15.6
Fire Magic     | 8 9 12 14 15 17 18 | 18.0
Conjurations   | 2 3 6 8 |  8.7
Evocations     | 1 3 5 6 9 10 | 10.7
Fighting       | 1 2 |  2.5
Earth Magic    | 1 |  1.7

Action                   |  1- 3 |  4- 6 |  7- 9 | 10-12 || total
-------------------------+-------+-------+-------+-------++-------
 Cast: Fireball          |       |     3 |    15 |    12 ||    30
       Sticky Flame      |       |       |     2 |       ||     2
       Foxfire           |       |       |     2 |       ||     2
Evoke: Wand              |     2 |     4 |       |       ||     6
       Lightning rod     |       |     2 |    10 |     1 ||    13
       Condenser vane    |       |       |       |     1 ||     1
  Use: Scroll            |       |     2 |       |     2 ||     4
       Potion            |       |       |       |     1 ||     1
Armor: Robe              |       |       |     2 |     1 ||     3
Dodge: Dodged            |       |     1 |    10 |     3 ||    14

Table legend: (Time is in decaauts)
 A = Elapsed time spent in this place.
 B = Non-inter-level travel time spent in this place.
 C = Inter-level travel time spent in this place.
 D = Time resting spent in this place.
 E = Time spent auto-exploring this place.
 F = Levels seen in this place.
 G = Mean time per level.
                   A        B        C        D        E       F      G
               +--------+--------+--------+--------+--------+-----+--------+
         Total |   1248 |   1248 |      0 |    888 |      0 |   1 | 1248.0 |
       Dungeon |   1248 |   1248 |      0 |    888 |      0 |   1 | 1248.0 |
               +--------+--------+--------+--------+--------+-----+--------+

Top non-repeatable levels by time:
       D: 1248 daAuts
